 Dungeon Crawl Stone Soup version 0.31-a0-187-gba352fbbf7 (webtiles) character file.

Game seed: 7906132105367720781

2936 qw the Markself (level 9, 0/52 HPs)
             Began as a Deep Elf Hunter on June 22, 2023.
             Was a Follower of Okawaru.
             Slain by a yak (12 damage)
             ... on level 8 of the Dungeon.
             The game lasted 00:01:52 (5608 turns).

qw the Markself (Deep Elf Hunter)                   Turns: 5608, Time: 00:01:53

Health: 0/52       AC: 14    Str: 14    XL:     9   Next: 51%
Magic:  12/14      EV: 15    Int: 13    God:    Okawaru [*.....]
Gold:   155        SH:  5    Dex: 20    Spells: 8/8 levels left

rFire   + . .        Y - +0 triple crossbow (flame)
rCold   . . .        (shield currently unavailable)
rNeg    + . .        n - +3 scale mail "Qucuduxero" {rF+ rN+ Str+4 Int-2}
rPois   .            (no helmet)
rElec   .            (no cloak)
rCorr   .            (no gloves)
SInv    .            (no boots)
Will    .....        e - amulet of reflection
Stlth   ++           j - +4 ring of protection
HPRegen 0.28/turn    (no ring)
MPRegen 0.14/turn

%: reflection
@: about to teleport, heroic
A: no striking features
a: Renounce Religion, Heroism


You were on level 8 of the Dungeon.
You worshipped Okawaru.
Okawaru was aware of your devotion.
You visited 2 branches of the dungeon, and saw 9 of its levels.

You collected 480 gold pieces.
You spent 325 gold pieces at shops.


   Skills:
 - Level 4.0(9.0) Fighting
 + Level 15.0(20.0) Ranged Weapons
 - Level 1.1(6.1) Armour
 - Level 5.0(10.0) Dodging
 - Level 1.2(6.2) Stealth
 - Level 4.0 Invocations


You had 8 spell levels left.
You didn't know any spells.
Your spell library was empty.

Inventory:

Hand Weapons
 Y - a +0 triple crossbow of flaming (weapon)
Armour
 n - the +3 scale mail "Qucuduxero" (worn) {rF+ rN+ Str+4 Int-2}
   (You found it on level 6 of the Dungeon)

   Str:       It affects your strength (+4).
   Int:       It affects your intelligence (-2).
   rF:        It protects you from fire.
   rN:        It protects you from negative energy.
Jewellery
 e - an amulet of reflection (around neck)
 g - a ring of fire
 j - a +4 ring of protection (left hand)
Scrolls
 a - a scroll of identify
 l - a scroll of enchant armour
Potions
 c - a potion of resistance
 d - a potion of might
 f - a potion of enlightenment
 i - a potion of curing {unknown}
 k - a potion of haste

Dungeon Overview and Level Annotations

Branches:
Dungeon (8/15)             Temple (1/1) D:6
   Lair: D:8-11

Altars:
Ashenzari
Cheibriados
Dithmenos
Fedhas
Gozag
Hepliaklqana
Kikubaaqudgha
Makhleb
Nemelex Xobeh
Okawaru
Qazlal
Ru
Sif Muna
Trog
Uskayaw
Vehumet
Wu Jian
Xom
Yredelemnul
Zin
The Shining One

Shops:
D:7 *

Annotations:
D:3 1 runed translucent door, Crazy Yiuf


Message History

The yak moves out of view.
A yak comes into view.
You shoot a bolt. The yak bellows! x2
The bolt hits the yak!!
The bolt burns the yak.
The yak is heavily wounded.
A yak comes into view.
You shoot a bolt. The bolt hits the yak!!
The bolt burns the yak.
You kill the yak!
Okawaru accepts your kill.
Your Fighting skill increases to level 4!
You shoot a bolt. The bolt barely misses the yak.
The bolt hits the yak!!
The bolt burns the yak.
The yak is severely wounded.
You hear a bellow!
You shoot a bolt. The bolt hits the yak.
The bolt burns the yak.
The yak is moderately wounded.
You shoot a bolt.
The bolt hits the yak but does no damage.
The yak is moderately wounded.
The yak gores you but does no damage. The yak gores you.
You shoot a bolt. The bolt barely misses the yak.
The yak gores you!
You shoot a bolt.
The bolt hits the yak but does no damage.
The yak is moderately wounded.
The yak misses you. The yak barely misses you.
The yak gores you but does no damage. The yak gores you! The yak gores you.
5606 ||| INVOKING Heroism.
You gain the combat prowess of a mighty hero.
You block the yak's attack. The yak gores you.
The yak gores you but does no damage.
You shoot a bolt. The bolt barely misses the yak.
You block the yak's attack.
The yak gores you. x2; You block the yak's attack.
The yak barely misses you. You block the yak's attack.
5608 ||| READING scroll of teleportation.
As you read the scroll of teleportation, it crumbles to dust.
You feel strangely unstable. The yak gores you. The yak closely misses you.
The yak gores you!
You die...

.......###....
.......>.....
.......#..#
........#
......###. #.
##.........
....#.YY...#
....%YY@..#
).$..##..## .##.
.#. #..# ... ##.##
#.. #.##...# ..#
##.....# ..#
##...##.##.#
....>.......#####.
...#..............


You could see 4 yaks.

Vanquished Creatures
  A deep elf zephyrmancer (D:6)
  Sigmund (D:5)
  A yak (D:8)
  A wyvern (D:7)
  2 water moccasins (D:7)
  A sky beast (D:8)
  2 black bears
  An ogre (D:4)
  A centaur (D:8)
  2 phantoms
  6 bullfrogs
  A gnoll sergeant (D:6)
  A scorpion (D:6)
  5 hounds
  3 jellies
  A gnoll bouda (D:7)
  2 orc priests
  2 iguanas (D:5)
  A sleepcap (D:4)
  2 orc wizards
  A mummy (D:4)
  12 gnolls
  4 adders
  A shadow imp (D:5)
  2 white imps
  2 ufetubi (D:4)
  2 worms
  3 dart slugs
  16 orcs
  2 ball pythons
  2 bats
  9 endoplasms
  A giant cockroach (D:2)
  6 hobgoblins
  6 kobolds
  2 quokkas (D:2)
  5 frilled lizards
  8 goblins
  A hobgoblin zombie (D:4)
  A kobold zombie (D:4)
  2 orc zombies (D:4)
  5 rats
130 creatures vanquished.

Notes
Turn   | Place    | Note
-------+----------+-------------------------------------------
     0 | D:1      | qw the Deep Elf Hunter began the quest for the Orb.
     0 | D:1      | Reached XP level 1. HP: 12/12 MP: 3/3
     0 | D:1      | 0 ||| qw: Version: 0.3-a-9-g12657ce
     0 | D:1      | 0 ||| qw: Game counter: 2319
     0 | D:1      | 0 ||| qw: Always use a shield: true
     0 | D:1      | 0 ||| qw: God list: Okawaru
     0 | D:1      | 0 ||| qw: Allow faded altars: false
     0 | D:1      | 0 ||| qw: Do Orc after D:15 true
     0 | D:1      | 0 ||| qw: Do second Lair branch before Depths: true
     0 | D:1      | 0 ||| qw: Lair rune preference: random
     0 | D:1      | 0 ||| qw: Plans: Normal
     0 | D:1      | 0 ||| PLANNING D:1-11
   128 | D:1      | Reached skill level 6 in Ranged Weapons
   128 | D:1      | Reached XP level 2. HP: 16/16 MP: 4/4
   633 | D:1      | 633 ||| READING 2 scrolls labelled COTAEG MIRR.
   634 | D:1      | 634 ||| READING scroll labelled XUWOCO LITSOU.
   634 | D:1      | Identified a scroll of acquirement
   634 | D:1      | 634 ||| ACQUIRING +0 triple crossbow of flaming
   634 | D:1      | Acquired a +0 triple crossbow of flaming
   636 | D:1      | 636 ||| SWAPPING to +0 triple crossbow of flaming.
   637 | D:1      | 637 ||| DROPPING +0 shortbow.
   638 | D:1      | 638 ||| DRINKING 2 inky potions.
   639 | D:1      | 639 ||| DROPPING scroll of butterflies.
   640 | D:1      | 640 ||| DROPPING potion of attraction.
   712 | D:2      | 712 ||| READING scroll of acquirement.
   712 | D:2      | 712 ||| ACQUIRING amulet of reflection
   712 | D:2      | Acquired an amulet of reflection
   714 | D:2      | 714 ||| UPGRADING to amulet of reflection.
   725 | D:2      | Reached XP level 3. HP: 20/20 MP: 5/5
  1105 | D:2      | Reached skill level 7 in Ranged Weapons
  1393 | D:2      | 1393 ||| UPGRADING to +0 ring mail.
  1403 | D:2      | 1403 ||| DROPPING +0 leather armour.
  1404 | D:2      | 1404 ||| UPGRADING to +4 ring of protection.
  1405 | D:2      | 1405 ||| READING scroll labelled LICVEBR JOELOXAVI.
  1410 | D:2      | 1410 ||| READING scroll labelled SEODAF PYODGH.
  1411 | D:2      | 1411 ||| READING 2 scrolls labelled SOATUG ECAA.
  1412 | D:2      | 1412 ||| DROPPING scroll of noise.
  1414 | D:2      | 1414 ||| Stepping ~*~*~tactically~*~*~ (cloud).
  1419 | D:2      | HP: 5/20 [poisoned by you (poison gas)]
  1596 | D:3      | Reached XP level 4. HP: 25/25 MP: 6/6
  1734 | D:3      | Found a blossoming altar of Fedhas.
  1734 | D:3      | Found a sacrificial altar of Ru.
  2000 | D:3      | Found a runed translucent door.
  2001 | D:3      | Noticed Crazy Yiuf
  2165 | D:3      | 2165 ||| READING scroll labelled ZYEXKU TIESKA.
  2166 | D:3      | 2166 ||| READING 3 scrolls of identify.
  2166 | D:3      | 2166 ||| IDENTIFYING fizzy brown potion
  2167 | D:3      | 2167 ||| READING 2 scrolls of identify.
  2167 | D:3      | 2167 ||| IDENTIFYING purple potion
  2168 | D:3      | 2168 ||| DROPPING potion of degeneration.
  2225 | D:4      | Reached skill level 8 in Ranged Weapons
  2252 | D:4      | Reached XP level 5. HP: 29/29 MP: 7/7
  2391 | D:4      | Reached skill level 9 in Ranged Weapons
  2479 | D:4      | Noticed an ogre
  2480 | D:4      | HP: 2/30 [ogre/+0 giant club (28)]
  2481 | D:4      | 2481 ||| DRINKING 2 potions of heal wounds.
  2482 | D:4      | 2482 ||| DRINKING potion of heal wounds.
  2483 | D:4      | Killed an ogre
  2484 | D:4      | Reached XP level 6. HP: 30/36 MP: 8/8
  2663 | D:4      | 2663 ||| DROPPING amulet of the acrobat.
  2664 | D:4      | 2664 ||| DROPPING ring of flight.
  2665 | D:4      | 2665 ||| READING scroll labelled WUET HUITSOA.
  2666 | D:4      | 2666 ||| DRINKING 2 silvery potions.
  2667 | D:4      | 2667 ||| READING 2 scrolls of identify.
  2667 | D:4      | 2667 ||| IDENTIFYING emerald potion
  2674 | D:5      | Entered Level 5 of the Dungeon
  2790 | D:5      | Reached skill level 10 in Ranged Weapons
  2836 | D:5      | Reached skill level 3 in Dodging
  2836 | D:5      | Reached XP level 7. HP: 34/40 MP: 9/9
  3326 | D:5      | 3326 ||| READING scroll labelled ALERIR CICUR.
  3327 | D:5      | 3327 ||| DRINKING 2 green potions.
  3360 | D:5      | 3360 ||| READING 3 scrolls of identify.
  3360 | D:5      | 3360 ||| IDENTIFYING lumpy red potion
  3361 | D:5      | 3361 ||| READING 2 scrolls of identify.
  3361 | D:5      | 3361 ||| IDENTIFYING lumpy dark potion
  3362 | D:5      | 3362 ||| DROPPING potion of lignification.
  3366 | D:6      | Noticed Sigmund
  3370 | D:6      | 3370 ||| STAIRDANCE
  3378 | D:5      | Killed Sigmund
  3379 | D:5      | Reached skill level 11 in Ranged Weapons
  3468 | D:6      | 3468 ||| STAIRDANCE
  3535 | D:6      | Found a staircase to the Ecumenical Temple.
  3536 | D:6      | 3536 ||| PLANNING TEMPLE
  3540 | Temple   | Entered the Ecumenical Temple
  3590 | Temple   | 3590 ||| PLANNING OKAWARU WORSHIP
  3732 | Temple   | Became a worshipper of Warmaster Okawaru
  3733 | Temple   | 3733 ||| PLANNING D:1-11
  3758 | D:6      | Reached skill level 12 in Ranged Weapons
  3818 | D:6      | Reached skill level 1 in Armour
  4009 | D:6      | Reached skill level 3 in Fighting
  4009 | D:6      | Reached XP level 8. HP: 46/46 MP: 10/10
  4059 | D:6      | Identified the +3 scale mail "Qucuduxero" {rF+ rN+ Str+4
                  | Int-2}
  4140 | D:6      | 4140 ||| Stepping ~*~*~tactically~*~*~ (outnumbered).
  4142 | D:6      | 4142 ||| Stepping ~*~*~tactically~*~*~ (outnumbered).
  4477 | D:6      | Noticed a deep elf zephyrmancer
  4479 | D:6      | Killed a deep elf zephyrmancer
  4479 | D:6      | Reached * piety under Okawaru
  4480 | D:6      | Reached skill level 14 in Ranged Weapons
  4680 | D:6      | 4680 ||| UPGRADING to +3 scale mail "Qucuduxero" {rF+ rN+
                  | Str+4 Int-2}.
  4690 | D:6      | 4690 ||| DROPPING +0 ring mail.
  4691 | D:6      | 4691 ||| READING 2 scrolls labelled IBI GEL KYM.
  4692 | D:6      | 4692 ||| READING scroll labelled VESUNUDWAD.
  4746 | D:7      | Identified the +9 hand axe "Issuos Qac" {elec, Drain rN+++
                  | Will- rCorr}
  4783 | D:7      | Found a sparkling altar of Nemelex Xobeh.
  4910 | D:7      | Found a shimmering altar of Xom.
  4926 | D:7      | Reached skill level 1 in Invocations
  4942 | D:7      | Reached XP level 9. HP: 37/50 MP: 12/12
  5060 | D:7      | Reached skill level 3 in Invocations
  5120 | D:7      | Found Ifriac Jiem's Fire Supplies.
  5130 | D:7      | 5130 ||| SHOPLISTING +9 fire dragon scales of Resilience
                  | {Rampage rPois rF++ rC-} (1445 gold, have 480).
  5130 | D:7      | 5130 ||| BUYING ring of fire (325 gold).
  5130 | D:7      | Bought a ring of fire for 325 gold pieces
  5130 | D:7      | 5130 ||| SHOPLISTING ring of fire (325 gold, have 155).
  5332 | D:7      | 5332 ||| INVOKING Heroism.
  5343 | D:7      | 5343 ||| INVOKING Heroism.
  5510 | D:7      | 5510 ||| READING 2 scrolls of identify.
  5510 | D:7      | 5510 ||| IDENTIFYING fizzy orange potion
  5511 | D:7      | 5511 ||| DROPPING potion of berserk rage.
  5545 | D:8      | 5545 ||| INVOKING Heroism.
  5548 | D:8      | Reached skill level 15 in Ranged Weapons
  5600 | D:8      | Reached ** piety under Okawaru
  5606 | D:8      | 5606 ||| INVOKING Heroism.
  5607 | D:8      | HP: 13/52 [yak (2)]
  5608 | D:8      | 5608 ||| READING scroll of teleportation.
  5608 | D:8      | Slain by a yak

Levels and vault maps discovered:
D:1:      dpeg_arrival_court, layout_basic
D:2:      layout_basic
D:3:      layout_basic, mainiacjoe_overflow_divided_tiny, minmay_misc_feat_iff,
          uniq_crazy_yiuf_cottage
D:4:      layout_cave_pools, minmay_mini_ossuary
D:5:      layout_rooms, serial_corexii_hall, corexii_hall_statues_deadend,
          corexii_hall_statues_t, hangedman_decor_points, kennysheep_nub
D:6:      layout_loops_ring, minmay_temple_entry_proselytizer,
          guppyfry_early_elven_hall, uniq_sigmund
D:7:      layout_gridville, mainiacjoe_overflow_small_starburst,
          amcnicky_altar_gilded, nicolae_shop_fire_sale [nicolae_sub_dead_trees]
D:8:      layout_cave_pools, enter_bailey_7, minmay_joined_circles, uniq_maggie
Temple:   nicolae_temple_bog_church

Skill      XL: |  1  2  3  4  5  6  7  8  9 |
---------------+----------------------------+-----
Ranged Weapons | 6 7 8 9 10 12 14 15 | 15.0
Fighting       | 2 3 4 |  4.0
Dodging        | 3 4 5 |  5.0
Armour         | 1 |  1.1
Invocations    | 2 4 |  4.0
Stealth        | |  1.2

Action                     |  1- 3 |  4- 6 |  7- 9 || total
---------------------------+-------+-------+-------++-------
   Fire: Shortbow          |    23 |       |       ||    23
         Triple crossbow   |    35 |    93 |   132 ||   260
 Invoke: Heroism           |       |       |     4 ||     4
    Use: Scroll            |     6 |     5 |     7 ||    18
         Potion            |     1 |     3 |     1 ||     5
 Armour: Leather armour    |     1 |       |       ||     1
         Ring mail         |       |    27 |    25 ||    52
         Scale mail        |       |       |    15 ||    15
  Dodge: Dodged            |     2 |    39 |    81 ||   122
  Block: Other             |       |    12 |    26 ||    38
         Reflection        |       |       |     1 ||     1

Table legend:
 A = Non-vault XP
 B = Vault XP
 C = Vault XP percentage of total XP
 D = Non-vault monster count
 E = Vault monster count
 F = Vault count percentage of total count
                 A         B        C        D         E       F
            +---------+---------+-------+---------+---------+-------
      Total |    3261 |     934 |  22.3 |     122 |       8 |   6.2
            +---------+---------+-------+---------+---------+-------
        D:1 |      21 |       0 |   0.0 |      14 |       0 |   0.0
        D:2 |      51 |       0 |   0.0 |      21 |       0 |   0.0
        D:3 |      48 |       0 |   0.0 |      12 |       0 |   0.0
        D:4 |     293 |      22 |   7.0 |      17 |       5 |  22.7
        D:5 |     437 |     223 |  33.8 |      20 |       1 |   4.8
        D:6 |     692 |     689 |  49.9 |      15 |       2 |  11.8
        D:7 |     957 |       0 |   0.0 |      16 |       0 |   0.0
        D:8 |     762 |       0 |   0.0 |       7 |       0 |   0.0
            +---------+---------+-------+---------+---------+-------
